 Dungeon Crawl Stone Soup version 0.19-a0-1457-g32fba05 (webtiles) character file.

57152 MackTheKnife the Severer (level 14, -1/116 HPs)
             Began as a Demonspawn Berserker on Sept 6, 2016.
             Was a High Priest of Trog.
             Slain by a komodo dragon (61 damage)
             ... on level 6 of the Lair of Beasts.
             The game lasted 00:37:39 (17070 turns).

MackTheKnife the Severer (Demonspawn Berserker)    Turns: 17070, Time: 00:37:39

Health: -1/116     AC: 18    Str: 21    XL:     14   Next: 44%
Magic:  6/6        EV: 11    Int:  9    God:    Trog [*****.]
Gold:   1296       SH:  0    Dex: 17    Spells: 0 memorised, 13 levels left

rFire  + + .     SeeInvis .     a - +7 battleaxe (antimagic)
rCold  . . .     Gourm    .     N - +2 chain mail {MR+}
rNeg   . . .     Faith    .     (shield currently unavailable)
rPois  +         Spirit   .     (helmet unavailable)
rElec  .         Dismiss  .     s - +2 cloak {rPois}
rCorr  .         Reflect  .     (no gloves)
MR     ++++.     Harm     .     u - +0 pair of boots
Stlth  ..........               (no amulet)
                                C - +3 ring of strength
                                z - ring of protection from fire {rF+, !d}

@: regenerating
A: horns 3, icy blue scales 1, fire resistance 1, ignite blood, powered by death
3, flame cloud immunity
a: Berserk, Trog's Hand, Brothers in Arms, Burn Spellbooks, Renounce Religion


You were on level 6 of the Lair of Beasts.
You worshipped Trog.
Trog was extremely pleased with you.
You were not hungry.

You visited 2 branches of the dungeon, and saw 17 of its levels.
You also visited: Labyrinth, Bailey and Volcano.

You collected 1296 gold pieces.

Inventory:

Hand Weapons
 a - a +7 antimagic battleaxe (weapon)
   (Trog gifted it to you on level 11 of the Dungeon)
 b - the +8 whip "Snakebite" {curare, rPois}
   (You found it on level 5 of the Lair of Beasts)

   It poisons the flesh of those it strikes.
   It protects you from poison.
 q - a +4 demon blade of flaming
   (You took it off a kobold in a bailey)
Armour
 s - a +2 cloak of poison resistance (worn)
   (You took it off Crazy Yiuf on level 6 of the Dungeon)
 u - a +0 pair of boots (worn)
   (You found it on level 1 of the Lair of Beasts)
 y - a +1 cloak of invisibility
   (You found it in a bailey)
 N - a +2 chain mail of magic resistance (worn)
   (You found it in a labyrinth)
Jewellery
 z - a ring of protection from fire (left hand) {rF+, !d}
   (You found it on level 2 of the Lair of Beasts)
 C - a +3 ring of strength (right hand)
   (You took it off an orc on level 8 of the Dungeon)
 H - an uncursed ring of flight {+Fly, !d}
   (You found it on level 1 of the Dungeon)
Wands
 B - a wand of lightning (0/15)
   (You took it off an orc on level 8 of the Dungeon)
 E - a wand of lightning (6/15)
   (You found it on level 8 of the Dungeon)
 G - a wand of confusion (32/48)
   (You found it on level 3 of the Lair of Beasts)
 I - a wand of iceblast (0/15)
   (You took it off Maurice on level 9 of the Dungeon)
 J - a wand of acid (7/15)
   (You found it on level 3 of the Lair of Beasts)
Scrolls
 d - 3 scrolls of enchant weapon
 g - 4 scrolls of blinking {!r}
 n - 3 scrolls of remove curse
 p - 2 scrolls of magic mapping {!r}
 x - 2 scrolls of recharging
 D - 5 scrolls of teleportation
Potions
 e - 2 potions of berserk rage {!q}
 f - 2 potions of might
 h - 7 potions of curing
 i - 4 potions of mutation {!q}
 j - 2 potions of resistance
 k - 5 potions of flight
 m - 4 potions of haste
 o - a potion of invisibility {unknown}
 r - 3 potions of brilliance
 t - 2 potions of ambrosia
 w - 3 potions of heal wounds
 A - 2 potions of lignification {!q}
 F - a potion of experience {unknown}
 K - a potion of agility {unknown}
Comestibles
 c - 9 bread rations {@e1}
 l - 8 meat rations {@e2}


   Skills:
 - Level 12.6 Fighting
 + Level 16.4 Axes
 + Level 6.5 Armour
 - Level 6.2 Dodging
 - Level 8.9 Evocations


You had 13 spell levels left.
You didn't know any spells.

Dungeon Overview and Level Annotations

Branches:
Dungeon (11/15)            Temple (0/1) D:4            Lair (6/6) D:9
 Shoals (0/4) Lair:3        Snake (0/4) Lair:3        Slime (0/5) Lair:6
    Orc (0/2) D:10

Altars:
Cheibriados
Elyvilon
Hepliaklqana
Kikubaaqudgha
Nemelex Xobeh
Okawaru
Sif Muna
Trog
Uskayaw
Vehumet
Xom
Jiyva

Annotations:
Lair:2 exclusion: hydra


Innate Abilities, Weirdness & Mutations

You have a pair of large horns on your head.
You are partially covered in icy blue scales. (AC +2)
Your flesh is heat resistant. (rF+)
Your demonic aura causes spilled blood to erupt in flames.
You regenerate a lot of health from kills.
You are immune to clouds of flame.


Message History

Trog accepts your kill.
You regained 8 hp, and now have 115/116 hp.
No target in view!
No target in view!
Search for what [? for help]? god You see here a crocodile corpse.
Eating a chunk of flesh {@w0}.
You start eating the chunk of flesh {@w0}.
You are feeling hungry.
You continue eating. x2
You finish eating.
A death yak comes into view.
The death yak bellows!
A death yak is nearby!
A death yak is nearby!
A death yak is nearby!
A death yak is nearby!
Unknown command.
Health restored: 116 A dire elephant comes into view.
The dire elephant trumpets!
A crocodile comes into view.
The death yak gores you!
A dream sheep comes into view.
You take 9 damage, and have 107/116 hp.
The dream sheep bleats!
You hit the death yak.
You headbutt the death yak, but do no damage.
The death yak gores you!
You take 8 damage, and have 99/116 hp.
You slash the death yak!
You headbutt the death yak, but do no damage.
The death yak is engulfed in roaring flames.
The death yak gores you!
You take 8 damage, and have 91/116 hp.
You slash the death yak!
You headbutt the death yak, but do no damage.
The death yak is engulfed in roaring flames.
The death yak gores you but does no damage.
Unknown command.
You slice the death yak!!
The death yak is engulfed in roaring flames.
You kill the death yak!
Trog accepts your kill. The crocodile closely misses you.
The dire elephant tramples you!
You stumble backwards!
You take 11 damage, and have 80/116 hp.
You hit the dire elephant but do no damage.
You headbutt the dire elephant, but do no damage.
The dire elephant is engulfed in roaring flames.
The dire elephant tramples you but does no damage.
The dire elephant trunk-slaps you but does no damage.
You regained 2 hp, and now have 82/116 hp.
You slice the dire elephant!!
You hear an angry hiss.
The dire elephant is engulfed in roaring flames.
The dire elephant tramples you but does no damage.
The dire elephant trunk-slaps you but does no damage.
The dream sheep ruffles its wool and motes of dream dust sparkle, to no effect.
You hit the dire elephant.
The dire elephant is engulfed in roaring flames.
The dire elephant tramples you!!
You hold your ground!
The dire elephant trunk-slaps you but does no damage.
You take 17 damage, and have 66/116 hp.
You are too injured to fight recklessly!
You are too injured to fight recklessly!
You slice the dire elephant!! You headbutt the dire elephant.
You hear a trumpeting!
You hear a bleat!
The dire elephant barely misses you.
The dire elephant trunk-slaps you but does no damage.
A komodo dragon comes into view.
You hit the dire elephant.
The dire elephant tramples you but does no damage.
The dire elephant trunk-slaps you!
An elephant comes into view.
You take 7 damage, and have 60/116 hp.
You slash the dire elephant! You headbutt the dire elephant!
You kill the dire elephant!
Trog accepts your kill.
Your skin crawls.
You feel resistant to hostile enchantments.
You feel somewhat more hungry. The crocodile bites you!
A dream sheep comes into view.
You take 6 damage, and have 56/116 hp.
You slice the crocodile!! You headbutt the crocodile.
The dream sheep is engulfed in roaring flames.
The dream sheep shake their wool and sparkle.
You feel drowsy...
You fall asleep.
The crocodile is engulfed in roaring flames.
You kill the crocodile!
Trog accepts your kill.
The komodo dragon is engulfed in roaring flames.
The dream sheep is engulfed in roaring flames.
You kill the dream sheep!
Trog accepts your kill.
The komodo dragon is engulfed in roaring flames.
The komodo dragon bites you!!!
You wake up.
Ouch! That really hurt!
You die...

♣♣ ♣♣♣. ♣♣♣ .♣.♣♣♣♣.. ...♣...
Y...♣ ♣Y§♣ .. ♣l♣ .. ♣@♣♣ ♣♣..
♣♣.♣♣ ♣... ♣♣♣ ♣♣!♣..♣♣♣♣ ♣♣...
..♣♣. ♣........♣♣♣♣♣♣♣....
............).....P....♣..♣.....#
.................P.P#......†...#.
.........................†.......
.................PP..#.††...#.##.
..(.............P.P..##.†.....#..


You could see an elephant, a komodo dragon and a dream sheep.

Vanquished Creatures
  Gastronok (Lair:2)
  A dire elephant (Lair:6)
  Snorg (Lair:6)
  A minotaur (Lab)
  The ghost of Athtar the Eclecticist, a journeyman DESu of Sif Muna (Bailey)
  Harold (Lair:3)
  4 hydras
  2 centaur warriors
  12 death yaks
  The ghost of WhatIsLove the Destroyer, a novice DrCj of Sif Muna (D:10)
  An unseen horror (D:11)
  The ghost of Xiaoo the Magician, a novice GrEE of Vehumet (D:8)
  A lindwurm (Lair:4)
  An orc knight (Bailey)
  Pikel (D:4)
  A hill giant (D:10)
  The ghost of KuKumber the Prestidigitator, a novice KoEn of Kikubaaqudgha (Bailey)
  Joseph (D:7)
  Maurice (D:9)
  A centaur zombie (D:9)
  11 elephants
  5 black mambas
  2 torpor snails
  9 spiny frogs
  3 gargoyles
  4 yaktaurs (Volcano)
  4 komodo dragons
  2 rime drakes
  2 trolls
  3 polar bears
  A two-headed ogre (D:10)
  6 dream sheep (Lair:6)
  23 blink frogs
  Prince Ribbit (D:5)
  A snapping turtle (Lair:3)
  A redback (Lab)
  35 yaks
  Sigmund (D:4)
  A shadow (D:11)
  4 basilisks
  A vampire (D:11)
  A hungry ghost (D:10)
  7 hippogriffs
  13 water moccasins
  5 porcupines
  9 orc warriors
  An eye of draining (D:9)
  4 ice beasts
  3 sky beasts
  A black bear (Lair:2)
  A slave (D:4)
  A wasp (D:9)
  A necrophage (D:5)
  8 ogres
  10 crocodiles
  5 centaurs
  A big kobold (D:11)
  A wyvern zombie (D:11)
  A gnoll sergeant (D:6)
  12 giant frogs
  5 killer bees (D:11)
  6 scorpions
  4 wights (D:9)
  5 electric eels
  5 crimson imps
  A giant frog zombie (D:9)
  A quasit (D:7)
  2 jellies (D:10)
  3 giant frog skeletons
  6 orc priests
  Crazy Yiuf (D:6)
  6 centaur skeletons
  4 hounds
  15 orc wizards
  Natasha (twice) (D:4)
  9 iguanas
  13 worker ants
  A worker ant zombie (D:5)
  12 gnolls
  20 river rats
  12 adders
  3 shadow imps
  2 oozes
  An adder zombie (D:5)
  2 worms
  A dart slug (D:6)
  7 giant geckos
  34 orcs
  A ball python (D:3)
  2 giant cockroaches
  15 goblins
  7 hobgoblins
  20 jackals
  4 quokkas
  6 bats
  6 giant newts
  24 kobolds
  A quokka skeleton (D:5)
  6 rats
  7 fungi
  3 plants
525 creatures vanquished.

Vanquished Creatures (others)
  Natasha (D:4)
  2 river rats (Lair:3)
  A dart slug (D:4)
  A goblin (D:4)
  3 fungi
  A plant (Lair:2)
9 creatures vanquished.

Grand Total: 534 creatures vanquished

Notes
Turn   | Place    | Note
-------+----------+-------------------------------------------
     0 | D:1      | MackTheKnife the Demonspawn Berserker began the quest for the Orb.
     0 | D:1      | Reached XP level 1. HP: 18/18 MP: 1/1
    90 | D:1      | Reached skill level 3 in Axes
   263 | D:1      | Gained mutation: Your flesh is heat resistant. (rF+) [demonic ancestry]
   263 | D:1      | Reached XP level 2. HP: 21/24 MP: 2/2
  1221 | D:2      | Reached XP level 3. HP: 29/29 MP: 3/3
  1232 | D:2      | Found a bloodstained altar of Trog.
  1241 | D:2      | Found an iron altar of Okawaru.
  1552 | D:2      | Reached skill level 4 in Axes
  2173 | D:3      | Gained mutation: You are immune to clouds of flame. [demonic ancestry]
  2173 | D:3      | Reached XP level 4. HP: 26/35 MP: 4/4
  2291 | D:3      | Reached ** piety under Trog
  2504 | D:3      | Found a hazy altar of Hepliaklqana.
  2504 | D:3      | Found a sparkling altar of Nemelex Xobeh.
  2555 | D:3      | Reached skill level 5 in Axes
  2731 | D:3      | Noticed an ogre
  2748 | D:3      | Killed an ogre
  2748 | D:3      | Reached XP level 5. HP: 41/41 MP: 5/5
  2911 | D:3      | Reached skill level 6 in Axes
  3114 | D:4      | Gained mutation: You regenerate a little health from kills. [demonic ancestry]
  3114 | D:4      | Reached XP level 6. HP: 31/47 MP: 6/6
  3196 | D:4      | Found an ancient bone altar of Kikubaaqudgha.
  3232 | D:4      | Reached *** piety under Trog
  3616 | D:4      | Noticed Natasha
  3626 | D:4      | Killed Natasha
  3819 | D:4      | Noticed a slave
  3820 | D:4      | Noticed a slave
  3853 | D:4      | HP: 11/47 [slave[Pikel] (4)]
  3854 | D:4      | Killed a slave
  4099 | D:4      | Noticed Natasha
  4108 | D:4      | Killed Natasha
  4162 | D:4      | Noticed Pikel
  4170 | D:4      | Noticed a slave
  4176 | D:4      | Killed Pikel
  4176 | D:4      | Reached skill level 8 in Axes
  4176 | D:4      | Gained mutation: You have a pair of small horns on your head. [demonic ancestry]
  4176 | D:4      | Reached XP level 7. HP: 50/52 MP: 7/7
  4308 | D:4      | Found a staircase to the Ecumenical Temple.
  4327 | D:4      | Noticed Sigmund
  4337 | D:4      | Killed Sigmund
  4342 | D:4      | Killed Natasha
  4383 | D:4      | Reached skill level 9 in Axes
  4383 | D:4      | Gained mutation: You are partially covered in icy blue scales. (AC +2) [demonic ancestry]
  4383 | D:4      | Reached XP level 8. HP: 51/58 MP: 8/8
  4581 | D:4      | Found a white marble altar of Elyvilon.
  4582 | D:4      | Found a snail-covered altar of Cheibriados.
  4586 | D:4      | Found a shimmering altar of Xom.
  4656 | D:5      | Entered Level 5 of the Dungeon
  4776 | D:5      | Noticed Prince Ribbit
  4783 | D:5      | Killed Prince Ribbit
  4783 | D:5      | Reached skill level 10 in Axes
  4930 | D:5      | Found a deep blue altar of Sif Muna.
  4963 | D:5      | Reached skill level 2 in Dodging
  5240 | D:5      | Reached skill level 4 in Fighting
  5335 | D:5      | Reached **** piety under Trog
  5338 | D:5      | Reached skill level 3 in Dodging
  5344 | D:5      | Gained mutation: You have a pair of horns on your head. [demonic ancestry]
  5344 | D:5      | Reached XP level 9. HP: 58/65 MP: 9/9
  5373 | D:5      | Reached skill level 5 in Fighting
  5373 | D:5      | Reached skill level 4 in Dodging
  5975 | D:6      | Reached skill level 5 in Dodging
  6058 | D:6      | Reached skill level 6 in Fighting
  6155 | D:6      | Found a runed door.
  6263 | D:6      | Found a radiant altar of Vehumet.
  6707 | D:6      | Noticed Crazy Yiuf
  6714 | D:6      | Killed Crazy Yiuf
  6863 | D:7      | Noticed Joseph
  6885 | D:7      | Killed Joseph
  6885 | D:7      | Reached skill level 7 in Fighting
  6885 | D:7      | Reached skill level 6 in Dodging
  6977 | D:7      | Found a flagged portal.
  6995 | Bailey   | Entered a bailey
  6995 | Bailey   | Noticed KuKumber's ghost (novice KoEn)
  7011 | Bailey   | Killed KuKumber's ghost
  7011 | Bailey   | Gained mutation: You have a pair of large horns on your head. [demonic ancestry]
  7011 | Bailey   | Reached XP level 10. HP: 79/79 MP: 10/10
  7063 | Bailey   | Noticed Athtar's ghost (journeyman DESu)
  7088 | Bailey   | Killed Athtar's ghost
  7088 | Bailey   | Reached skill level 11 in Axes
  7139 | Bailey   | Noticed an orc knight
  7169 | Bailey   | Reached ***** piety under Trog
  7502 | Bailey   | Killed an orc knight
  7502 | Bailey   | Reached skill level 12 in Axes
  8747 | D:8      | Found a hide-covered altar of Uskayaw.
  8800 | D:8      | Found a radiant altar of Vehumet.
  8874 | D:8      | Noticed Xiaoo's ghost (novice GrEE)
  8884 | D:8      | Killed Xiaoo's ghost
  9192 | D:9      | Got a brightly glowing leather armour
  9222 | D:9      | Reached skill level 13 in Axes
  9313 | D:9      | Reached XP level 11. HP: 81/84 MP: 11/11
  9318 | D:9      | Noticed Maurice
  9327 | D:9      | Killed Maurice
  9361 | D:9      | Identified the +2 leather armour of the Comet {rN+ Regen+} (You found it on level 9 of the Dungeon)
  9556 | D:9      | Found a staircase to the Lair.
  9739 | D:10     | Entered Level 10 of the Dungeon
  9760 | D:10     | Noticed WhatIsLove's ghost (novice DrCj)
  9769 | D:10     | Killed WhatIsLove's ghost
 10064 | D:10     | Noticed a hill giant
 10072 | D:10     | Killed a hill giant
 10072 | D:10     | Reached skill level 14 in Axes
 10125 | D:10     | Found a staircase to the Orcish Mines.
 10690 | D:11     | Killed an unseen horror
 10742 | D:11     | Noticed a four-headed hydra
 10750 | D:11     | Killed a four-headed hydra
 10937 | D:11     | Noticed a centaur warrior
 10951 | D:11     | Killed a centaur warrior
 10962 | D:11     | Reached skill level 15 in Axes
 11155 | D:11     | Received a gift from Trog
 11393 | Lair:1   | Entered Level 1 of the Lair of Beasts
 11464 | Lair:1   | Gained mutation: You regenerate health from kills. [demonic ancestry]
 11464 | Lair:1   | Reached XP level 12. HP: 71/91 MP: 4/12
 12264 | Lair:2   | Noticed a death yak
 12264 | Lair:2   | Noticed a death yak
 12264 | Lair:2   | Noticed a death yak
 12264 | Lair:2   | Noticed a death yak
 12264 | Lair:2   | Noticed a death yak
 12264 | Lair:2   | Noticed a death yak
 12273 | Lair:2   | Noticed Gastronok
 12280 | Lair:2   | Killed a death yak
 12280 | Lair:2   | Reached skill level 8 in Fighting
 12285 | Lair:2   | Killed a death yak
 12287 | Lair:2   | Killed a death yak
 12288 | Lair:2   | Killed a death yak
 12288 | Lair:2   | Reached skill level 9 in Fighting
 12294 | Lair:2   | Killed a death yak
 12298 | Lair:2   | Killed a death yak
 12298 | Lair:2   | Reached skill level 10 in Fighting
 12311 | Lair:2   | Killed Gastronok
 12352 | Lair:2   | Reached skill level 11 in Fighting
 12573 | Lair:2   | Received a gift from Trog
 12706 | Lair:2   | Noticed a four-headed hydra
 12715 | Lair:2   | Killed a five-headed hydra
 12821 | Lair:2   | Reached skill level 12 in Fighting
 13076 | Lair:2   | Noticed a seven-headed hydra
 13144 | Lair:3   | Found a labyrinth entrance.
 13153 | Lab      | Entered a labyrinth
 13279 | Lab      | Gained mutation: You regenerate a lot of health from kills. [demonic ancestry]
 13279 | Lab      | Reached XP level 13. HP: 86/108 MP: 4/13
 13578 | Lab      | Noticed a minotaur
 13585 | Lab      | Killed a minotaur
 13589 | Lab      | Identified the Reference Book on Attacks and the Mountains
 13589 | Lab      | Identified Qyha's Catalogue of Floating Creation
 13589 | Lab      | Identified the Disquisition on Black Rites and Dislocation
 13664 | Lair:3   | Reached skill level 2 in Armour
 13826 | Lair:3   | Reached skill level 1 in Evocations
 13846 | Lair:3   | Reached skill level 2 in Evocations
 13971 | Lair:3   | Noticed Harold
 13980 | Lair:3   | Reached skill level 3 in Evocations
 13995 | Lair:3   | Killed Harold
 14020 | Lair:3   | Reached skill level 4 in Evocations
 14290 | Lair:3   | Found a staircase to the Shoals.
 14525 | Lair:3   | Reached skill level 5 in Evocations
 14708 | Lair:3   | Received a gift from Trog
 14825 | Lair:3   | Found a staircase to the Snake Pit.
 15075 | Lair:4   | Reached skill level 6 in Evocations
 15177 | Lair:4   | Reached skill level 7 in Evocations
 15231 | Lair:4   | Reached skill level 8 in Evocations
 15612 | Lair:5   | Found a dark tunnel.
 15630 | Volcano  | Entered a volcano
 15668 | Volcano  | Reached skill level 3 in Armour
 16333 | Lair:5   | Reached skill level 4 in Armour
 16333 | Lair:5   | Gained mutation: Your demonic aura causes spilled blood to erupt in flames. [demonic ancestry]
 16333 | Lair:5   | Reached XP level 14. HP: 93/116 MP: 6/20
 16425 | Lair:6   | Entered Level 6 of the Lair of Beasts
 16486 | Lair:6   | Reached skill level 16 in Axes
 16490 | Lair:6   | Reached skill level 5 in Armour
 16835 | Lair:6   | Found a staircase to the Slime Pits.
 16836 | Lair:6   | Found a viscous altar of Jiyva.
 16838 | Lair:6   | Noticed Snorg
 16846 | Lair:6   | Killed Snorg
 16907 | Lair:6   | Reached skill level 6 in Armour
 17070 | Lair:6   | Slain by a komodo dragon

Vault maps used:
D:1:      dpeg_arrival_solitude
D:2:      amethyst_overflow_temple_binary, dk_noncrumbling_3, grunt_ministairs_6
D:3:      gammafunk_temple_overflow_pools, minmay_ogre_servants
D:4:      grunt_temple_overflow_cloverleaf, first_bread, uniq_sigmund,
          uniq_natasha, uniq_pikel
D:5:      lemuel_crystal_altar, minmay_joined_circles, uniq_prince_ribbit1
D:6:      fiery_altar_vehumet, uniq_crazy_yiuf_cottage
D:7:      enter_bailey_1, uniq_joseph
D:8:      lemuel_crystal_altar, basic_altar, hangedman_decor_points
D:9:      dpeg_oklobed_lair, uniq_maurice
D:10:     orc_0_dummy
Lair:2:   uniq_gastronok
Lair:3:   minmay_shoals_entry_hut, dummy_snake_entry, lab_entry_generic,
          eino_small_chamber_without_monster, infiniplex_staircase_pool,
          uniq_harold
Lair:4:   bh_chokoban
Lair:5:   minmay_guarded_unrand_snakebite, nicolae_volcano_entry_lava_flow
Lair:6:   evil_forest, slime_altar_1, disabler_island, serial_bayou_shore_a,
          uniq_snorg
Lab:      labyrinth_lava_lair, lab_block, nicolae_lab_t_cross, lab_fountain,
          nicolae_lab_x
Bailey:   bailey_axe_4, bailey
Volcano:  volcano_pools

Skill      XL: |  1  2  3  4  5  6  7  8  9 10 11 12 13 14 |
---------------+-------------------------------------------+-----
Axes           | 3 4 5 6 8 9 10 13 15 16 | 16.4
Dodging        | 3 6 |  6.2
Fighting       | 4 7 12 | 12.6
Armour         | 4 6 |  6.5
Evocations     | 8 |  8.9

Action                   |  1- 3 |  4- 6 |  7- 9 | 10-12 | 13-15 || total
-------------------------+-------+-------+-------+-------+-------++-------
Melee: Hand axe          |   137 |   162 |       |       |       ||   299
       Whip              |       |       |   128 |       |       ||   128
       Headbutt          |       |       |    62 |   144 |   101 ||   307
       War axe           |       |       |   185 |   344 |       ||   529
       Battleaxe         |       |       |       |   229 |   379 ||   608
 Fire: Blowgun           |       |     1 |       |       |       ||     1
Invok: Berserk           |     2 |     3 |    12 |    16 |     7 ||    40
       Trog's Hand       |       |     1 |     1 |     3 |     7 ||    12
       Brothers in Arms  |       |       |       |     4 |       ||     4
       Burn Spellbooks   |       |       |       |     2 |     3 ||     5
 Abil: Evoke Flight      |       |       |       |     1 |       ||     1
Evoke: Wand              |       |       |       |     6 |     4 ||    10
  Use: Scroll            |       |     3 |     8 |     7 |    11 ||    29
       Potion            |       |       |     1 |     1 |       ||     2
 Stab: Sleeping          |       |       |     2 |       |       ||     2
  Eat: Chunk             |     5 |     8 |    16 |    22 |    14 ||    65
       Beef jerky        |       |     1 |       |     2 |       ||     3
       Pizza             |       |       |     1 |       |       ||     1
       Bread ration      |       |       |     1 |     2 |     2 ||     5
       Royal jelly       |       |       |       |     3 |       ||     3
       Fruit             |       |       |       |     1 |       ||     1
Armor: Leather armour    |    35 |    32 |    32 |    74 |     2 ||   175
       Animal skin       |     1 |       |       |       |       ||     1
       Scale mail        |       |       |    76 |    65 |       ||   141
       Chain mail        |       |       |       |       |   169 ||   169
Dodge: Dodged            |   100 |    75 |   191 |   377 |   179 ||   922

Vault maps used:
D:1:      dpeg_arrival_solitude
D:2:      amethyst_overflow_temple_binary, dk_noncrumbling_3, grunt_ministairs_6
D:3:      gammafunk_temple_overflow_pools, minmay_ogre_servants
D:4:      grunt_temple_overflow_cloverleaf, first_bread, uniq_sigmund,
          uniq_natasha, uniq_pikel
D:5:      lemuel_crystal_altar, minmay_joined_circles, uniq_prince_ribbit1
D:6:      fiery_altar_vehumet, uniq_crazy_yiuf_cottage
D:7:      enter_bailey_1, uniq_joseph
D:8:      lemuel_crystal_altar, basic_altar, hangedman_decor_points
D:9:      dpeg_oklobed_lair, uniq_maurice
D:10:     orc_0_dummy
Lair:2:   uniq_gastronok
Lair:3:   minmay_shoals_entry_hut, dummy_snake_entry, lab_entry_generic,
          eino_small_chamber_without_monster, infiniplex_staircase_pool,
          uniq_harold
Lair:4:   bh_chokoban
Lair:5:   minmay_guarded_unrand_snakebite, nicolae_volcano_entry_lava_flow
Lair:6:   evil_forest, slime_altar_1, disabler_island, serial_bayou_shore_a,
          uniq_snorg
Lab:      labyrinth_lava_lair, lab_block, nicolae_lab_t_cross, lab_fountain,
          nicolae_lab_x
Bailey:   bailey_axe_4, bailey
Volcano:  volcano_pools

Table legend:
 A = Turns spent in this place as a percentage of turns spent in the entire game.
 B = Non-inter-level travel turns spent in this place as a percentage of non-inter-level travel turns spent in the entire game.
 C = Inter-level travel turns spent in this place as a percentage of turns spent in this place.
 D = Turns resting spent in this place as a percentage of non-inter-level travel turns spent in this place.
 E = Turns spent auto-exploring this place as a percentage of non-inter-level travel turns spent in this place.
 F = Non-inter-level travel turns spent in this place divided by the number of levels of this place that you've seen.
                   A       B       C       D       E      F
               +-------+-------+-------+-------+-------+----------------------
         Total | 100.0 | 100.0 |   0.4 |   4.4 |   6.4 | 292.4
       Dungeon |  55.7 |  55.6 |   0.6 |   5.2 |   8.0 | 295.5
          Lair |  27.1 |  27.1 |   0.4 |   4.0 |   6.8 | 264.0
     Labyrinth |   8.7 |   8.8 |   0.0 |   0.0 |   0.0 | 512.0
        Bailey |   6.6 |   6.7 |   0.0 |   5.1 |   0.0 | 389.0
       Volcano |   1.9 |   1.9 |   0.0 |   3.5 |   6.2 | 113.0
               +-------+-------+-------+-------+-------+----------------------

Table legend:
 A = Kills in this place as a percentage of kills in entire the game.
 B = Kills by you in this place as a percentage of kills by you in the entire game.
 C = Kills by friends in this place as a percentage of kills by friends in the entire game.
 D = Other kills in this place as a percentage of other kills in the entire game.
 E = Experience gained in this place as a percentage of experience gained in the entire game.
 F = Experience gained in this place divided by the number of levels of this place that you have seen.
                   A       B       C       D       E      F
               +-------+-------+-------+-------+-------+----------------------
         Total | 100.0 | 100.0 |  -nan | 100.0 | 100.0 | 4082.4
       Dungeon |  55.3 |  55.4 |  -nan |   0.0 |  22.5 | 1666.6
          Lair |  37.3 |  37.2 |  -nan | 100.0 |  68.3 | 9287.8
     Labyrinth |   0.8 |   0.8 |  -nan |   0.0 |   2.6 | 2106.0
        Bailey |   5.4 |   5.4 |  -nan |   0.0 |   3.6 | 2934.0
       Volcano |   1.2 |   1.2 |  -nan |   0.0 |   3.1 | 2547.0
               +-------+-------+-------+-------+-------+----------------------
